 Dungeon Crawl Stone Soup version 0.22-a0-355-g201945f (webtiles) character file.

59 zhorgal the Skirmisher (level 3, -3/33 HPs)
             Began as a Draconian Fire Elementalist on Apr 17, 2018.
             Slain by Terence
             ... wielding a +0 falchion
              (8 damage)
             ... on level 2 of the Dungeon.
             The game lasted 00:04:34 (1372 turns).

zhorgal the Skirmisher (DrFE)                       Turns: 1372, Time: 00:04:34

Health: -3/33      AC:  5    Str: 10    XL:     3   Next: 78%
Magic:  1/6        EV: 12    Int: 16    God:
Gold:   54         SH:  0    Dex: 11    Spells: 5/6 levels left

rFire    . . .     SeeInvis .   e - +0 dagger
rCold    . . .     Gourm    .   (no shield)
rNeg     . . .     Faith    .   (armour unavailable)
rPois    .         Spirit   .   (helmet restricted)
rElec    .         Reflect  .   (no cloak)
rCorr    .         Harm     .   (no gloves)
MR       .....                  (no boots)
Stlth    ++........             (no amulet)
HPRegen  0.11/turn              (no ring)
MPRegen  0.10/turn              (no ring)

@: very slightly contaminated
A: unfitting armour, cold-blooded, AC +5
a: no special abilities


You were on level 2 of the Dungeon.
You were very hungry.

You visited 1 branch of the dungeon, and saw 2 of its levels.

You collected 54 gold pieces.

Inventory:

Hand Weapons
 e - a +0 dagger (weapon)
 j - a +0 short sword
Missiles
 h - 34 stones (quivered)
Jewellery
 d - an uncursed amulet of rage {unknown}
 i - a cursed ring of teleportation {unknown}
Scrolls
 c - a scroll of teleportation {unknown}
 f - a scroll of remove curse {unknown}
 g - 2 scrolls of identify {unknown}
Potions
 a - a potion of resistance {unknown}
Comestibles
 b - 5 rations


   Skills:
 + Level 3.9 Fighting
 - Level 1.7 Dodging
 - Level 1.7 Stealth
 - Level 2.0 Spellcasting
 - Level 1.0 Conjurations
 - Level 3.0 Fire Magic


You had 5 spell levels left.
You knew the following spells:

 Your Spells              Type           Power        Failure   Level  Hunger
a - Flame Tongue          Conj/Fire      #....        9%          1    #......


Dungeon Overview and Level Annotations

Branches:
Dungeon (1/15)

Altars:

Annotations:
D:2 Terence


Innate Abilities, Weirdness & Mutations

Your plain brown scales are hard. (AC +5)
You cannot fit into any form of body armour.
You are cold-blooded and may be slowed by cold attacks.


Message History

The adder closely misses you.
You closely miss the adder. The adder bites you.
* * * LOW HITPOINT WARNING * * *
The adder bites you but does no damage.
You take 5 damage, and have 3/31 hp.
You hit the adder.
You kill the adder!
Aim: Terence, wielding a falchion and wearing a scale mail (almost dead)
You miscast Flame Tongue.
You are very lightly contaminated with residual magic.
Nothing appears to happen.
You now have 0/6 mp.
Terence misses you.
There is an open door, spattered with blood here.
Aim: Terence, wielding a falchion and wearing a scale mail (almost dead)
The flame tongue hits Terence.
Terence appears unharmed.
Terence barely misses you.
You now have 0/6 mp.
Terence hits you with a falchion!
You die...

#.#.###.#.# #
###.###.#.#
#..###........#
#.............#
#..#.#........##########
# #.##'###.#...........
# #...#.#...........
#..##.#........... #..
##..##@##.......... #$..
#....@.##.......... #...
#...#####..........
.....#...# #..........
.....##.## ####+######
..≈≈≈≈≈.# ..≈###≈.#
#.≈≈≈≈≈.# #.≈≈#≈≈.#


You could see Terence.

Vanquished Creatures
  Natasha (D:2)
  An adder (D:2)
  An ooze (D:1)
  A dart slug (D:1)
  A leopard gecko (D:1)
  4 bats (D:1)
  A hobgoblin (D:1)
  3 kobolds (D:1)
  A ball python (D:1)
  A frilled lizard (D:1)
  4 goblins (D:1)
  2 rats (D:1)
21 creatures vanquished.

Notes
Turn   | Place    | Note
-------+----------+-------------------------------------------
     0 | D:1      | zhorgal the Draconian Fire Elementalist began the quest for the Orb.
     0 | D:1      | Reached XP level 1. HP: 14/14 MP: 3/3
   124 | D:1      | Reached skill level 1 in Fighting
   139 | D:1      | Reached XP level 2. HP: 20/24 MP: 0/5
   911 | D:1      | You fall through a shaft!
   941 | D:2      | Noticed Natasha
   955 | D:2      | Noticed a crimson imp
   959 | D:2      | Killed Natasha
   959 | D:2      | Reached XP level 3. HP: 8/31 MP: 0/6
  1211 | D:2      | Noticed Terence
  1372 | D:2      | Slain by Terence

Vault maps used:
D:1:      co_arrival_random_square_maze, minmay_misc_feat_roman
D:2:      minitemple, minmay_crystal_water, uniq_natasha,
          uniq_crazy_yiuf_cottage, uniq_terence

Skill      XL: |  1  2 |
---------------+-------+-----
Fighting       | 1 3 |  3.9
Dodging        | |  1.7
Stealth        | |  1.7
Spellcasting   | |  2.0
Conjurations   | |  1.0
Fire Magic     | |  3.0

Action                   || total
-------------------------++-------
Melee: Unarmed           ||    40
       Tailslap          ||     5
       Dagger            ||    53
 Cast: Flame Tongue      ||    39
 Stab: Sleeping          ||     1
  Eat: Chunk             ||     1
Armor: Skin              ||    26
Dodge: Dodged            ||    66

Table legend:
 A = Spawn XP
 B = Non-spawn XP
 C = Spawn XP percentage of total XP
 D = Spawn monster count
 E = Non-spawn monster count
 F = Spawn count percentage of total count
 G = Total turns spent on level
                    A         B        C        D         E        F      G
               +---------+---------+-------+---------+---------+-------+---------
         Total |       0 |      85 |   0.0 |       0 |      21 |   0.0 |  1372
               +---------+---------+-------+---------+---------+-------+---------
           D:1 |       0 |      37 |   0.0 |       0 |      19 |   0.0 |   911
           D:2 |       0 |      48 |   0.0 |       0 |       2 |   0.0 |   461
               +---------+---------+-------+---------+---------+-------+---------
